 Dungeon Crawl Stone Soup version 0.22-a0-570-g58866f5 (webtiles) character file.

29 vierth the Grasshopper (level 3, -1/18 HPs)
             Began as a Spriggan Warper on June 30, 2018.
             Slain by an adder (5 damage)
             ... on level 2 of the Dungeon.
             The game lasted 00:06:24 (1963 turns).

vierth the Grasshopper (Spriggan Warper)            Turns: 1963, Time: 00:06:25

Health: -1/18      AC:  2    Str:  7    XL:     3   Next: 1%
Magic:  8/8        EV: 19    Int: 14    God:
Gold:   58         SH:  0    Dex: 16    Spells: 8/8 levels left

rFire    + . .     SeeInvis +   a - +0 short sword
rCold    + . .     Gourm    .   (shield restricted)
rNeg     . . .     Faith    .   b - +0 robe
rPois    +         Spirit   .   (helmet restricted)
rElec    .         Reflect  .   i - scarf {rC+ rF+}
rCorr    .         Harm     .   (gloves unavailable)
MR       .....                  (boots unavailable)
Stlth    ++........             (no amulet)
HPRegen  0.06/turn              j - ring of poison resistance
MPRegen  0.11/turn              (no ring)

@: very quick
A: very small, unfitting armour, see invisible, herbivore, speed 3, slow
metabolism 2
a: no special abilities


You were on level 2 of the Dungeon.
You were not hungry.

You visited 1 branch of the dungeon, and saw 2 of its levels.

You collected 58 gold pieces.

Inventory:

Hand Weapons
 a - a +0 short sword (weapon)
Armour
 b - a +0 robe (worn)
 i - a scarf of resistance (worn)
Jewellery
 j - a ring of poison resistance (left hand)
Scrolls
 d - 2 scrolls of blinking
Potions
 c - 3 potions of mutation {unknown}
 e - a potion of ambrosia {unknown}
 k - a potion of invisibility {unknown}
 m - a potion of flight {unknown}
Comestibles
 f - 4 rations


   Skills:
 + Level 1.8 Fighting
 * Level 2.8 Short Blades
 - Level 1.0 Throwing
 + Level 3.6 Dodging
 * Level 2.3 Stealth
 + Level 3.0 Spellcasting
   Level 4.4 Translocations


You had 8 spell levels left.
You didn't know any spells.
Your spell library contained the following spells:

 Spells                   Type           Power        Failure   Level  Hunger
 Teleport Other           Tloc           ##......     11%         3    ###....
 Blink                    Tloc           N/A          5%          2    ##.....
 Passage of Golubria      Tloc           N/A          34%         4    #####..
 Shroud of Golubria       Chrm/Tloc      #.........   13%         2    ##.....
 Gell's Gravitas          Tloc           ##........   11%         3    ###....
 Lesser Beckoning         Tloc           ##........   11%         3    ###....


Dungeon Overview and Level Annotations

Branches:
Dungeon (2/15)

Altars:
Ashenzari

Annotations:
D:2 Robin


Innate Abilities, Weirdness & Mutations

You are very small and have problems with some larger weapons.
You are too small for most types of armour.
You have supernaturally acute eyesight. (SInv)
You are a herbivore.
You cover ground extremely quickly.
You need to consume almost no food.


Message History

You hit the adder.
The adder is heavily wounded.
The adder closely misses you.
You barely miss the adder.
The adder is heavily wounded.
The adder bites you.
You closely miss the adder.
The adder is moderately wounded.
The adder closely misses you. x2
You miss the adder.
The adder is moderately wounded.
The adder completely misses you.
You closely miss the adder.
The adder is moderately wounded.
The adder bites you.
* * * LOW HITPOINT WARNING * * *
You hit the adder.
The adder is almost dead.
The adder bites you.
You die...

# ######...#.......... #
###### #####....#########
###....######............#
..#....##.....##....####..#
#..S....S.#####....## ..
##.%....### ###/####
##.....#####...#
#..........)..######## ###
#.$.###.........@....##....
...##[....$.##..S.....>...(
.(. .########.............
.#. #.............
#.............
#.............
#..######...#. #..# .###
..#. #


You could see an adder.

Vanquished Creatures
  An ooze (D:2)
  A worm (D:1)
  A dart slug (D:1)
  A leopard gecko (D:2)
  A giant cockroach (D:1)
  5 goblins
  3 hobgoblins (D:1)
  3 kobolds (D:2)
  2 rats (D:1)
18 creatures vanquished.

Notes
Turn   | Place    | Note
-------+----------+-------------------------------------------
     0 | D:1      | vierth the Spriggan Warper began the quest for the Orb.
     0 | D:1      | Reached XP level 1. HP: 10/10 MP: 5/5
    93 | D:1      | Found a shattered altar of Ashenzari.
   289 | D:1      | Reached skill level 1 in Stealth
   751 | D:1      | Reached XP level 2. HP: 6/15 MP: 6/6
  1511 | D:2      | Noticed Robin
  1947 | D:1      | Reached XP level 3. HP: 11/18 MP: 8/8
  1963 | D:2      | Slain by an adder

Vault maps used:
D:1:      denvon_arrival_planthouse, nicolae_ashenzari_panopticon
D:2:      grunt_temple_overflow_open, first_ration, serial_curves,
          eino_curves_03, eino_curves_03, chequers_ecumenical_altar_twisty,
          minmay_misc_feat_alley, minmay_pentomino_p2, uniq_robin

Skill      XL: |  1  2 |
---------------+-------+-----
Stealth        | 1 2 |  2.3
Spellcasting   | 3 |  3.0
Fighting       | |  1.8
Short Blades   | |  2.8
Throwing       | |  1.0
Dodging        | |  3.6
Translocations | |  4.4

Action                   || total
-------------------------++-------
Melee: Short sword       ||   137
Throw: Tomahawk          ||     5
  Use: Scroll            ||     3
 Stab: Sleeping          ||     1
Armor: Robe              ||    10
Dodge: Dodged            ||    94

Table legend:
 A = Spawn XP
 B = Non-spawn XP
 C = Spawn XP percentage of total XP
 D = Spawn monster count
 E = Non-spawn monster count
 F = Spawn count percentage of total count
 G = Total turns spent on level
                    A         B        C        D         E        F      G
               +---------+---------+-------+---------+---------+-------+---------
         Total |       0 |      42 |   0.0 |       0 |      18 |   0.0 |  1963
               +---------+---------+-------+---------+---------+-------+---------
           D:1 |       0 |      22 |   0.0 |       0 |      10 |   0.0 |  1339
           D:2 |       0 |      20 |   0.0 |       0 |       8 |   0.0 |   624
               +---------+---------+-------+---------+---------+-------+---------
